 Dungeon Crawl Stone Soup version 0.25.0-46-gbd7b0854d2 (webtiles) character file.

Game seed: 3197466295858081232

81566 Curus the Warrior (level 15, -2/147 HPs)
             Began as a Minotaur Gladiator on July 13, 2020.
             Was the Champion of Okawaru.
             Splashed by an oklob plant's acid (12 damage)
             ... on level 5 of the Lair of Beasts.
             The game lasted 01:39:21 (18230 turns).

Curus the Warrior (Minotaur Gladiator)             Turns: 18230, Time: 01:39:23

Health: -2/147     AC: -2    Str: 22    XL:     15   Next: 27%
Magic:  19/19      EV: 24    Int: 11    God:    Okawaru [******]
Gold:   1176       SH:  0    Dex: 19    Spells: 14/14 levels left

rFire    + . .     SeeInvis .   H - +4 spear (freeze)
rCold    + . .     Gourm    .   (no shield)
rNeg     . . .     Faith    .   L - +0 ring mail of the Tick {Harm Str+3 Int+4} (curse)
rPois    +         Spirit   .   c - +0 hat
rElec    .         Reflect  .   (no cloak)
rCorr    .         Harm     +   G - +2 pair of gloves {Dex+3}
MR       +....                  l - +1 pair of boots of Grace {rC+}
Stlth    +.........             F - amulet of regeneration
HPRegen  0.74/turn              i - ring of poison resistance
MPRegen  0.16/turn              o - ring of protection from fire

@: corroded
A: retaliatory headbutt, horns 2, sense surroundings 1, subdued magic 1
a: Heroism, Finesse, Renounce Religion


You were on level 5 of the Lair of Beasts.
You worshipped Okawaru.
Okawaru was exalted by your worship.
You were very hungry.

You visited 3 branches of the dungeon, and saw 17 of its levels.
You also visited: Bailey.

You collected 1176 gold pieces.

Inventory:

Hand Weapons
 v - the +1 spear of Fee Simple {vorpal, MP+9 Str+5 Dex+3}
   (You found it on level 5 of the Dungeon)

   It inflicts extra damage upon your enemies.
   It affects your strength (+5).
   It affects your dexterity (+3).
   It affects your magic capacity (+9).
 H - a +4 spear of freezing (weapon)
 Z - a +0 spear of venom
Missiles
 d - 3 throwing nets (quivered)
Armour
 c - a +0 hat (worn)
 l - the +1 pair of boots of Grace (worn) {rC+}
   (Okawaru gifted it to you on level 6 of the Lair of Beasts)

   It protects you from cold.
 G - a +2 pair of gloves of dexterity (worn)
 L - the cursed +0 ring mail of the Tick (worn) {Harm Str+3 Int+4}
   (You found it on level 6 of the Lair of Beasts)

   It affects your strength (+3).
   It affects your intelligence (+4).
   It increases damage dealt and taken.
   It has a curse placed upon it.
 S - a +0 ring mail of positive energy
Jewellery
 b - an uncursed ring of flight
 h - a +6 ring of strength
 i - a ring of poison resistance (left hand)
 j - a +4 ring of evasion
 o - a ring of protection from fire (right hand)
 s - a +4 ring of protection
 A - an uncursed ring of protection from magic
 C - an uncursed amulet of magic regeneration
 F - an amulet of regeneration (around neck)
 M - an uncursed ring of magical power
 N - an uncursed ring of fire
 P - an uncursed amulet of guardian spirit
 Q - an uncursed ring of ice
 V - an uncursed ring of attention
 Y - an uncursed ring of ice
Wands
 p - a wand of iceblast (25)
 y - a wand of polymorph (7)
 z - a wand of flame (20)
 I - a wand of disintegration (24)
 J - a wand of clouds (4)
 K - a wand of digging (7)
 O - a wand of acid (6)
 U - a wand of paralysis (27)
Scrolls
 a - a scroll of acquirement
 g - 8 scrolls of identify
 n - 4 scrolls of amnesia
 q - 3 scrolls of fog
 u - 8 scrolls of teleportation
 w - 3 scrolls of random uselessness
 B - 4 scrolls of blinking
 D - 5 scrolls of remove curse
 T - a scroll of enchant weapon
 X - 2 scrolls of enchant armour
Potions
 e - 5 potions of heal wounds
 k - a potion of brilliance
 m - a potion of haste
 r - 6 potions of curing
 E - a potion of flight
 R - 3 potions of might
 W - a potion of mutation
Miscellaneous
 t - a tin of tremorstones (3/3)
Comestibles
 f - 43 rations


   Skills:
 + Level 17.3 Fighting
 - Level 12.2 Polearms
 - Level 2.0 Throwing
 + Level 16.2 Dodging
 - Level 7.6 Invocations
 - Level 6.9 Evocations


You had 14 spell levels left.
You didn't know any spells.
Your spell library contained the following spells:

 Spells                   Type           Power        Failure   Level  Hunger
 Corona                   Hex            #......      45%         1    ##.....
 Ensorcelled Hibernation  Hex/Ice        #.....       61%         2    ###....
 Confusing Touch          Hex            #.......     83%         3    ####...
 Dazzling Flash           Conj/Hex       #.....       83%         3    ####...
 Tukima's Dance           Hex            #.......     83%         3    ####...


Dungeon Overview and Level Annotations

Branches:
Dungeon (10/15)            Temple (1/1) D:7            Lair (6/6) D:10
  Swamp (0/4) Lair:3        Snake (0/4) Lair:4        Slime (0/5) Lair:6
 Bailey (visited)
    Orc: D:9-12

Altars:
Ashenzari
Cheibriados
Dithmenos
Elyvilon
Fedhas
Gozag
Hepliaklqana
Kikubaaqudgha
Makhleb
Nemelex Xobeh
Okawaru
Qazlal
Ru
Sif Muna
Trog
Uskayaw
Vehumet
Wu Jian
Xom
Yredelemnul
Zin
The Shining One
Jiyva

Shops:
D:6 (

Annotations:
D:6 1 runed translucent door, harlaan's ghost, novice DESu
Lair:4 3 runed translucent doors, Kyusiynim's ghost, journeyman GnEn
Lair:5 exclusion: 4 oklob plants


Innate Abilities, Weirdness & Mutations

You reflexively headbutt those who attack you in melee.
You have a pair of horns on your head.
You passively map a small area around you.
Your spells are a little easier to cast, but a little less powerful.


Message History

Press: ? - help, Dir - move target cursor, f/p - oklob plant
Aim: an oklob plant (lightly damaged)
You reach to attack!
You hit the oklob plant. You freeze the oklob plant.
The oklob plant is moderately damaged.
Attack whom?
Press: ? - help, Dir - move target cursor, f/p - oklob plant
Aim: an oklob plant (moderately damaged)
You reach to attack!
You hit the oklob plant but do no damage.
The oklob plant is moderately damaged.
The oklob plant spits acid at you. The splash of acid hits you!
The acid corrodes you!
You are splashed with acid!
The oklob plant spits acid at you. The splash of acid hits you!
The acid corrodes you!
You are splashed with acid!
* * * LOW HITPOINT WARNING * * *
The oklob plant spits acid at you. The splash of acid hits you!!
* * * LOW HITPOINT WARNING * * *
You are splashed with acid!
You die...

.# ##......# ## #P......# #
#.......## *## # ##.....#.# ###.#
#####.....### ###..##
.##.......P# #,.#P[#.## ###
#####......# .#.......# #P.
####P......### ##........#######.
##.##......#.###@............#...
................#..PPP#..........
##....).........#.(?$)#..........
#P..............#P[..[#..........
##..............#((P.P#..........
##..###..##..####.[)..#.P###.#...
#### ######## #...P$#.## ######
######### #


You could see 4 oklob plants.

Vanquished Creatures
  An orc warlord (Bailey)
  Erolcha (D:9)
  Fannar (Lair:3)
  6 hydras
  A two-headed ogre (D:9)
  Nergalle (Lair:3)
  An orc knight (Bailey)
  12 elephants
  Joseph (D:9)
  7 black mambas
  28 spiny frogs
  A centaur skeleton (D:10)
  2 rime drakes
  4 komodo dragons
  A troll (D:9)
  4 tyrant leeches (Lair:6)
  12 dream sheep
  25 blink frogs
  2 bog bodies (Lair:3)
  6 hippogriffs
  6 basilisks
  2 wyverns
  A human (D:7)
  12 yaks
  3 hogs (D:7)
  A steam dragon (D:10)
  6 vampire mosquitoes
  2 swamp worms (Lair:3)
  5 porcupines
  18 water moccasins
  4 ice beasts
  2 orc warriors (Bailey)
  5 ogres
  4 wolves (Lair:5)
  21 crocodiles
  4 centaurs
  3 big kobolds
  31 bullfrogs
  A scorpion (D:9)
  18 wights
  6 killer bees (D:8)
  3 howler monkeys
  8 electric eels
  4 crimson imps
  3 hounds
  2 jellies
  7 orc priests
  8 orc wizards
  A bullfrog skeleton (D:7)
  7 iguanas
  Natasha (twice) (D:3)
  12 worker ants
  7 hell rats (Lair:4)
  A hound skeleton (D:7)
  A worker ant zombie (D:9)
  7 gnolls
  20 adders
  3 oozes
  An adder skeleton (D:4)
  4 worms
  5 dart slugs
  14 leopard geckos
  28 orcs
  8 giant cockroaches
  2 gnoll zombies (D:8)
  7 hobgoblins
  3 jackals (D:5)
  26 kobolds
  3 quokkas
  2 ball pythons (D:3)
  21 bats
  14 frilled lizards
  18 goblins
  A leopard gecko skeleton (D:7)
  A quokka skeleton (D:9)
  7 rats
  A plant (Lair:5)
534 creatures vanquished.

Vanquished Creatures (others)
  8 fungi
  36 plants
44 creatures vanquished.

Grand Total: 578 creatures vanquished

Notes
Turn   | Place    | Note
-------+----------+-------------------------------------------
     0 | D:1      | Curus the Minotaur Gladiator began the quest for the Orb.
     0 | D:1      | Reached XP level 1. HP: 18/18 MP: 0/0
   265 | D:1      | Reached XP level 2. HP: 25/25 MP: 1/1
   492 | D:1      | Reached skill level 5 in Polearms
   576 | D:1      | Reached XP level 3. HP: 30/30 MP: 2/2
   691 | D:1      | Gained mutation: You are agile. (Dex +2) [potion of
                  | mutation]
   691 | D:1      | Gained mutation: You are occasionally teleported next to
                  | monsters. [potion of mutation]
   691 | D:1      | Gained mutation: You are frail. (-10% HP) [potion of
                  | mutation]
   691 | D:1      | Gained mutation: You are very agile. (Dex +4) [potion of
                  | mutation]
  1189 | D:2      | Found a sacrificial altar of Ru.
  1214 | D:2      | Reached XP level 4. HP: 33/33 MP: 3/3
  1405 | D:2      | Found a shimmering blue altar of Sif Muna.
  2320 | D:3      | Reached XP level 5. HP: 30/37 MP: 4/4
  2465 | D:3      | Found a shattered altar of Ashenzari.
  2623 | D:3      | Noticed Natasha
  2633 | D:3      | Killed Natasha
  2854 | D:3      | Noticed Natasha
  2862 | D:3      | Killed Natasha
  3550 | D:4      | Reached XP level 6. HP: 45/45 MP: 5/5
  3862 | D:4      | Lost mutation: You are very agile. (Dex +4) [potion of
                  | mutation]
  3862 | D:4      | Lost mutation: You are frail. (-10% HP) [potion of
                  | mutation]
  3862 | D:4      | Lost mutation: You are agile. (Dex +2) [potion of mutation]
  3862 | D:4      | Gained mutation: Your spells are a little easier to cast,
                  | but a little less powerful. [potion of mutation]
  3862 | D:4      | Gained mutation: You are somewhat resistant to further
                  | mutation. [potion of mutation]
  3864 | D:5      | Entered Level 5 of the Dungeon
  3883 | D:5      | Got a dazzling spear
  3900 | D:5      | Identified the +1 spear of Fee Simple {vorpal, MP+9 Str+5
                  | Dex+3} (You found it on level 5 of the Dungeon)
  3949 | D:5      | Reached XP level 7. HP: 30/56 MP: 6/6
  4172 | D:5      | Found an opulent altar of Gozag.
  4172 | D:5      | Found a glowing silver altar of Zin.
  4293 | D:5      | Reached skill level 10 in Polearms
  4319 | D:5      | Found a radiant altar of Vehumet.
  4665 | D:6      | Reached XP level 8. HP: 34/62 MP: 7/7
  4935 | D:6      | Reached skill level 3 in Fighting
  5290 | D:6      | Reached skill level 4 in Fighting
  5320 | D:6      | Found Nyurgh's Antique Weapon Emporium.
  5477 | D:6      | Found a runed translucent door.
  5497 | D:6      | Noticed harlaan's ghost (novice DESu)
  5551 | D:7      | Reached skill level 5 in Dodging
  5582 | D:7      | Reached skill level 5 in Fighting
  5783 | D:7      | Reached XP level 9. HP: 62/74 MP: 8/8
  5950 | D:7      | Reached skill level 6 in Fighting
  6178 | D:7      | Reached skill level 7 in Fighting
  6729 | D:7      | Found a staircase to the Ecumenical Temple.
  6741 | Temple   | Entered the Ecumenical Temple
  6748 | Temple   | Became a worshipper of Warmaster Okawaru
  6836 | D:7      | Reached skill level 8 in Fighting
  6871 | D:7      | Reached * piety under Okawaru
  7147 | D:7      | Found a shimmering altar of Xom.
  7147 | D:7      | Found a hide-covered altar of Uskayaw.
  7205 | D:8      | Reached skill level 9 in Fighting
  7223 | D:8      | Reached XP level 10. HP: 62/91 MP: 9/9
  7348 | D:8      | Found a sparkling altar of Nemelex Xobeh.
  7360 | D:8      | Found a flagged portal.
  7375 | Bailey   | Entered a bailey
  7380 | Bailey   | Noticed an orc warlord
  7427 | Bailey   | Noticed an orc knight
  7445 | Bailey   | Killed an orc knight
  7445 | Bailey   | Reached ** piety under Okawaru
  7468 | Bailey   | Found a runed translucent gate.
  7469 | Bailey   | Found a runed translucent gate.
  7479 | Bailey   | Found a runed translucent gate.
  7537 | Bailey   | Reached skill level 10 in Fighting
  7627 | Bailey   | Killed an orc warlord
  7627 | Bailey   | Reached *** piety under Okawaru
  7627 | Bailey   | Reached skill level 10 in Dodging
  7760 | Bailey   | Identified a scroll of acquirement
  7760 | Bailey   | Acquired a +1 pair of gloves of dexterity
  7772 | Bailey   | Reached skill level 12 in Fighting
  7772 | Bailey   | Reached XP level 11. HP: 106/106 MP: 10/10
  8152 | D:8      | Found a basalt altar of Yredelemnul.
  8606 | D:9      | Reached skill level 13 in Fighting
  8620 | D:9      | Noticed a two-headed ogre
  8646 | D:9      | Killed a two-headed ogre
  8772 | D:9      | Noticed Joseph
  8789 | D:9      | Killed Joseph
  9074 | D:9      | Noticed Erolcha
  9087 | D:9      | Killed Erolcha
  9087 | D:9      | Reached **** piety under Okawaru
  9237 | D:9      | Found a shadowy altar of Dithmenos.
  9802 | D:10     | Entered Level 10 of the Dungeon
  9845 | D:10     | Reached XP level 12. HP: 116/116 MP: 11/11
  9899 | D:10     | Found a staircase to the Lair.
  9946 | Lair:1   | Entered Level 1 of the Lair of Beasts
  9990 | Lair:1   | Reached skill level 1 in Invocations
  9993 | Lair:1   | Reached skill level 1 in Evocations
 10279 | Lair:1   | Reached ***** piety under Okawaru
 10719 | Lair:1   | Received a gift from Okawaru
 10720 | Lair:1   | Got a transparent longbow {god gift}
 11361 | Lair:2   | Noticed a six-headed hydra
 11370 | Lair:2   | Killed a six-headed hydra
 11370 | Lair:2   | Reached skill level 5 in Invocations
 11704 | Lair:2   | Reached skill level 5 in Evocations
 12307 | Lair:3   | Noticed Fannar
 12356 | Lair:3   | Killed Fannar
 12361 | Lair:3   | Received a gift from Okawaru
 12655 | Lair:3   | Noticed Nergalle
 12685 | Lair:3   | Killed Nergalle
 12936 | Lair:3   | Reached XP level 13. HP: 80/123 MP: 17/17
 13209 | Lair:3   | Found a staircase to the Swamp.
 13753 | Lair:4   | Reached skill level 14 in Fighting
 13890 | Lair:4   | Found a staircase to the Snake Pit.
 13909 | Lair:4   | Received a gift from Okawaru
 14036 | Lair:4   | Found a runed translucent gate.
 14037 | Lair:4   | Found a runed translucent gate.
 14037 | Lair:4   | Found a runed translucent gate.
 14053 | Lair:4   | Noticed a minotaur
 14054 | Lair:4   | Noticed Kyusiynim's ghost (journeyman GnEn)
 14129 | Lair:3   | Lost mutation: You are occasionally teleported next to
                  | monsters. [potion of mutation]
 14129 | Lair:3   | Lost mutation: You are somewhat resistant to further
                  | mutation. [potion of mutation]
 14129 | Lair:3   | Gained mutation: Your mind is acute. (Int +2) [potion of
                  | mutation]
 14129 | Lair:3   | Lost mutation: Your mind is acute. (Int +2) [potion of
                  | mutation]
 14129 | Lair:3   | Gained mutation: You passively map a small area around you.
                  | [potion of mutation]
 15271 | Lair:5   | Reached skill level 15 in Fighting
 16190 | Lair:6   | Entered Level 6 of the Lair of Beasts
 16253 | Lair:6   | Reached ****** piety under Okawaru
 16414 | Lair:5   | Reached skill level 16 in Fighting
 16414 | Lair:5   | Reached skill level 15 in Dodging
 16414 | Lair:5   | Reached XP level 14. HP: 138/138 MP: 18/18
 16491 | Lair:6   | Received a gift from Okawaru
 16536 | Lair:6   | Reached XP level 15. HP: 99/145 MP: 19/19
 16551 | Lair:6   | Got a pair of crude boots {god gift}
 16586 | Lair:6   | Identified the +1 pair of boots of Grace {rC+} (Okawaru
                  | gifted it to you on level 6 of the Lair of Beasts)
 16818 | Lair:6   | Reached skill level 17 in Fighting
 17398 | Lair:6   | Got a steaming ring mail
 17414 | Lair:6   | Identified the cursed +0 ring mail of the Tick {Harm Str+3
                  | Int+4} (You found it on level 6 of the Lair of Beasts)
 17577 | Lair:6   | Found a staircase to the Slime Pits.
 17578 | Lair:6   | Found a viscous altar of Jiyva.
 18230 | Lair:5   | Splashed by an oklob plant's acid

Illustrated notes

Levels and vault maps discovered:
D:1:      roderic_octagonal_star, layout_basic, minmay_three_crescents
D:2:      layout_loops_ring, led_sif_pool, nicolae_ru_sacrificial_ziggurat,
          first_ration
D:3:      minmay_door_path, layout_loops_ring, lemuel_round_altar, uniq_natasha
D:4:      layout_loops_ring
D:5:      layout_basic, grunt_temple_overflow_gold_and_silver,
          vehumet_altar_wand_db
D:6:      layout_basic, gammafunk_ghost_grave, serial_shops, kennysheep_mini
D:7:      layout_loops_ring, gammafunk_temple_overflow_wave,
          minmay_temple_entry_butterflies, grunt_livestock
D:8:      layout_loops_ring, kennysheep_mini_moat,
          lemuel_zombie_altar_yredelemnul, enter_bailey_1
D:9:      layout_basic, nicolae_overflow_crystal_walls, uniq_joseph,
          uniq_erolcha
D:10:     layout_loops_ring, erik_lair_dragon, hangedman_tree_tricks
Temple:   minmay_freezing_vapour_temple
Lair:1:   layout_cave_pods, cheibrodos_lair_caveside_slide
Lair:2:   lemuel_reptile_caves, layout_chaotic_city
Lair:3:   layout_loops_ring, nicolae_swamp_entry_splash_gauntlet,
          serial_bayou_lake_a, lemuel_fruit_fields, lemuel_fruit_tree,
          uniq_nergalle, uniq_fannar
Lair:4:   layout_roguey, minmay_snake_entry_six_corridors,
          maelrawn_ghost_gauntlet_escape, serial_bayou_ford_a
Lair:5:   layout_cellular_growth, beast_lair_carwin_11,
          minmay_lair_oklob_chamber
Lair:6:   minmay_lair_end_frog_pond, layout_regular_city, slime_altar_1

Skill      XL: |  1  2  3  4  5  6  7  8  9 10 11 12 13 14 15 |
---------------+----------------------------------------------+-----
Polearms       | 4 5 6 8 9 11 12 | 12.2
Fighting       | 5 9 12 13 16 17 | 17.3
Dodging        | 5 8 12 13 15 16 | 16.2
Invocations    | 7 |  7.6
Evocations     | 6 |  6.9
Throwing       | |  2.0

Action                   |  1- 3 |  4- 6 |  7- 9 | 10-12 | 13-15 || total
-------------------------+-------+-------+-------+-------+-------++-------
Melee: Trident           |    87 |   174 |       |       |       ||   261
       Headbutt          |     3 |    28 |    71 |   172 |   231 ||   505
       Spear             |       |    21 |   375 |   736 |   861 ||  1993
       Punch             |       |       |       |     2 |       ||     2
Throw: Throwing net      |       |       |       |     1 |       ||     1
Invok: Heroism           |       |       |       |     3 |       ||     3
Evoke: Wand              |       |       |     1 |     1 |       ||     2
  Use: Potion            |     6 |     3 |     2 |     5 |     3 ||    19
       Scroll            |     4 |     5 |     3 |     6 |     3 ||    21
 Stab: Sleeping          |     3 |     2 |       |     5 |       ||    10
       Held in net/web   |       |       |       |     2 |       ||     2
       Distracted        |       |       |       |     1 |       ||     1
  Eat: Chunk             |     1 |     9 |    10 |    15 |    16 ||    51
       Ration            |       |       |       |     1 |       ||     1
Armor: Leather armour    |    16 |    24 |    25 |    23 |       ||    88
       Ring mail         |       |       |       |    19 |   151 ||   170
Dodge: Dodged            |    47 |    99 |   130 |   311 |   591 ||  1178
